 Dungeon Crawl Stone Soup version 0.23-a0-635-g88ca12a7de (webtiles) character file.

5226 Maize the Cleaver (level 10, -1/91 HPs)
             Began as a Minotaur Fighter on Dec 27, 2018.
             Was an Elder of Okawaru.
             Slain by an iguana (4 damage)
             ... on level 8 of the Dungeon.
             The game lasted 00:11:56 (6981 turns).

Maize the Cleaver (Minotaur Fighter)                Turns: 6981, Time: 00:11:57

Health: -1/91      AC: 16    Str: 24    XL:     10   Next: 35%
Magic:  9/9        EV:  6    Int:  8    God:    Okawaru [****..]
Gold:   375        SH: 11    Dex: 10    Spells: 9/9 levels left

rFire    . . .     SeeInvis .   i - +2 hand axe (freeze)
rCold    . . .     Gourm    .   c - +0 shield
rNeg     . . .     Faith    +   F - +0 plate armour
rPois    .         Spirit   .   L - +0 hat {Int+3}
rElec    .         Reflect  .   (no cloak)
rCorr    +         Harm     .   u - +1 pair of gloves
MR       .....                  (no boots)
Stlth    ..........             k - amulet of faith
HPRegen  0.25/turn              m - ring of resist corrosion
MPRegen  0.11/turn              (no ring)

@: lethally poisoned (-1 -> -46)
A: retaliatory headbutt, horns 2
a: Heroism, Renounce Religion


You were on level 8 of the Dungeon.
You worshipped Okawaru.
Okawaru was greatly pleased with you.
You were not hungry.

You visited 2 branches of the dungeon, and saw 10 of its levels.

You collected 375 gold pieces.

Inventory:

Hand Weapons
 a - a +0 war axe
 i - a +2 hand axe of freezing (weapon)
Missiles
 g - 26 tomahawks (quivered)
 M - 4 exploding tomahawks
Armour
 c - a +0 shield (worn)
 u - a +1 pair of gloves (worn)
 F - a +0 plate armour (worn)
 L - a +0 hat of intelligence (worn)
Jewellery
 k - an amulet of faith (around neck)
 m - a ring of resist corrosion (left hand)
 p - a +3 amulet of reflection
Wands
 b - a wand of random effects (11)
 q - a wand of iceblast (3)
 v - a wand of flame (5)
 J - a wand of paralysis (11)
Scrolls
 j - 3 scrolls of teleportation
 l - 4 scrolls of identify {unknown}
 o - 3 scrolls of fear {unknown}
 s - 2 scrolls of enchant armour
 x - a scroll of random uselessness {unknown}
 y - a scroll of blinking {unknown}
 B - a scroll of fog {unknown}
 C - a scroll of summoning {unknown}
 D - 3 scrolls of remove curse
 E - a scroll of amnesia {unknown}
 G - a scroll of vulnerability {unknown}
 I - a scroll of magic mapping {unknown}
 K - 2 scrolls of enchant weapon {unknown}
Potions
 d - a potion of might
 e - a potion of curing {unknown}
 h - 2 potions of lignification {unknown}
 n - a potion of ambrosia {unknown}
 r - a potion of haste {unknown}
 w - a potion of degeneration {unknown}
 z - 2 potions of berserk rage {unknown}
 A - 2 potions of agility
 H - a potion of heal wounds {unknown}
Comestibles
 f - 19 rations
 t - 3 chunks of flesh


   Skills:
 + Level 9.1 Fighting
 * Level 11.7 Axes
 + Level 9.0 Armour
 + Level 9.0 Shields


You had 9 spell levels left.
You didn't know any spells.
Your spell library contained the following spells:

 Spells                   Type           Power        Failure   Level  Hunger
 Animate Skeleton         Necr           N/A          100%        1    ##.....
 Confusing Touch          Hex            #.....       100%        1    ##.....
 Pain                     Necr           #...         100%        1    ##.....
 Sandblast                Erth           #.....       100%        1    ##.....
 Passwall                 Tmut/Erth      #.......     100%        2    ###....
 Confuse                  Hex            #.......     100%        3    ####...
 Gell's Gravitas          Tloc           #.........   100%        3    ####...
 Regeneration             Chrm/Necr      #.........   100%        3    ####...
 Stone Arrow              Conj/Erth      #.....       100%        3    ####...
 Vampiric Draining        Necr           #.........   100%        3    ####...
 Animate Dead             Necr           N/A          100%        4    #####..
 Petrify                  Tmut/Erth      #.......     100%        4    #####..
 Lee's Rapid Deconstruct  Erth           #.........   100%        5    ######.
 Metabolic Englaciation   Hex/Ice        #.........   100%        5    ######.
 Yara's Violent Unravell  Hex/Tmut       #.........   100%        5    ######.


Dungeon Overview and Level Annotations

Branches:
Dungeon (9/15)             Temple (1/1) D:6
   Lair: D:8-11         Orc: D:9-12

Altars:
Ashenzari
Cheibriados
Dithmenos
Elyvilon
Fedhas
Gozag
Kikubaaqudgha
Makhleb
Nemelex Xobeh
Okawaru
Qazlal
Ru
Sif Muna
Trog
Uskayaw
Vehumet
Yredelemnul
Zin
The Shining One


Innate Abilities, Weirdness & Mutations

You reflexively headbutt those who attack you in melee.
You have a pair of horns on your head.


Message History

The orc warrior is severely wounded.
You hit the killer bee. You freeze the killer bee.
You kill the killer bee!
Okawaru accepts your kill.
Your shield and plate armour prevent you from hitting the iguana.
You feel sick.
The orc warrior hits you with a +1 long sword of venom!
* * * LOW HITPOINT WARNING * * *
You are more poisoned.
The iguana bites you but does no damage.
You slash the orc warrior! You freeze the orc warrior.
You kill the orc warrior!
Okawaru accepts your kill.
You hit the water moccasin.
The water moccasin seems to slow down.
You freeze the water moccasin. You barely miss the iguana.
* * * LOW HITPOINT WARNING * * *
You feel very sick.
The water moccasin bites you but does no damage.
The iguana bites you.
You die...

.......## #.....#...............
.......# ###....#...............
####..)####......................
####'##)......#........).........
...#_#..####..#..........)......<
...###.##...((...................
......................<..##.....#
.....÷...)..........#...#########
......##...#####@##.#.#...###
......####..##.llS..#.###...#
......#####.....[†[.#.# ###.#
......#.....##......#.# #.#####
####........##........#####....<.
.................................
.....#......##.....########......
......#.....##.....# #######
......#.....##.....#


You could see a water moccasin, a wyvern and an iguana.

Vanquished Creatures
  A two-headed ogre (D:8)
  An ugly thing (D:8)
  Maurice (D:8)
  4 hogs (D:8)
  A human (D:8)
  An ice beast (D:8)
  A sky beast (D:7)
  3 orc warriors
  7 necrophages
  A crocodile (D:8)
  4 ogres
  4 bullfrogs
  A scorpion (D:4)
  3 killer bees (D:8)
  A howler monkey (D:7)
  6 crimson imps
  A quasit (D:5)
  A centaur zombie (D:6)
  3 hounds
  4 orc priests
  A centaur skeleton (D:5)
  A jelly (D:5)
  7 orc wizards
  An iguana (D:5)
  3 worker ants
  3 hound zombies
  A hound skeleton (D:6)
  A worker ant zombie (D:8)
  14 adders
  9 gnolls
  A shadow imp (D:8)
  An ooze (D:6)
  2 adder zombies
  An adder skeleton (D:8)
  3 worms
  A dart slug (D:4)
  5 leopard geckos
  35 orcs
  7 giant cockroaches
  A goblin (D:2)
  5 hobgoblins (D:2)
  5 jackals
  4 kobolds
  2 quokkas
  A ball python (D:2)
  2 bats
  4 frilled lizards
  A jackal zombie (D:6)
  A leopard gecko skeleton (D:6)
  A quokka zombie (D:7)
  7 rats
  3 bushes (D:6)
183 creatures vanquished.

Vanquished Creatures (others)
  5 plants (D:6)
5 creatures vanquished.

Grand Total: 188 creatures vanquished

Notes
Turn   | Place    | Note
-------+----------+-------------------------------------------
     0 | D:1      | Maize the Minotaur Fighter began the quest for the Orb.
     0 | D:1      | Reached XP level 1. HP: 19/19 MP: 0/0
    73 | D:1      | You fall through a shaft!
   225 | D:2      | Reached skill level 3 in Axes
   225 | D:2      | Reached XP level 2. HP: 27/27 MP: 1/1
   695 | D:2      | Reached XP level 3. HP: 28/33 MP: 2/2
   830 | D:3      | Reached XP level 4. HP: 12/40 MP: 3/3
   837 | D:3      | HP: 1/40 [orc wizard/magic dart (7)]
   838 | D:3      | Reached skill level 4 in Axes
  1344 | D:3      | Reached XP level 5. HP: 13/47 MP: 4/4
  2165 | D:4      | Reached skill level 5 in Axes
  2365 | D:4      | Reached XP level 6. HP: 48/55 MP: 5/5
  2620 | D:4      | Reached skill level 5 in Fighting
  2620 | D:4      | Reached skill level 5 in Armour
  2620 | D:4      | Reached skill level 5 in Shields
  2737 | D:4      | Found a basalt altar of Yredelemnul.
  2792 | D:4      | Reached skill level 6 in Axes
  2966 | D:4      | Reached XP level 7. HP: 61/61 MP: 6/6
  3075 | D:4      | Found a hide-covered altar of Uskayaw.
  3154 | D:4      | Noticed a moth of wrath
  3156 | D:4      | Found a bloodstained altar of Trog.
  3209 | D:5      | Entered Level 5 of the Dungeon
  3515 | D:5      | Found a burning altar of Makhleb.
  3681 | D:5      | Found an ancient bone altar of Kikubaaqudgha.
  3870 | D:5      | Reached skill level 7 in Axes
  4006 | D:6      | Found a blossoming altar of Fedhas.
  4125 | D:6      | Found a staircase to the Ecumenical Temple.
  4136 | Temple   | Entered the Ecumenical Temple
  4244 | Temple   | Became a worshipper of Warmaster Okawaru
  4291 | D:6      | Reached XP level 8. HP: 69/70 MP: 7/7
  4862 | D:6      | Reached skill level 8 in Axes
  4949 | D:6      | Reached * piety under Okawaru
  5055 | D:6      | Reached skill level 9 in Axes
  5299 | D:7      | Reached XP level 9. HP: 79/79 MP: 8/8
  5415 | D:7      | Found a radiant altar of Vehumet.
  5841 | D:8      | Noticed a two-headed ogre
  5854 | D:8      | Killed a two-headed ogre
  5854 | D:8      | Reached skill level 10 in Axes
  5872 | D:8      | Found a stormy altar of Qazlal.
  5890 | D:8      | Reached ** piety under Okawaru
  5969 | D:8      | Noticed Maurice
  6047 | D:8      | Killed Maurice
  6350 | D:8      | Found a deep blue altar of Sif Muna.
  6394 | D:8      | Reached *** piety under Okawaru
  6415 | D:8      | Reached skill level 11 in Axes
  6417 | D:8      | Reached XP level 10. HP: 67/90 MP: 9/9
  6635 | D:8      | Found a sacrificial altar of Ru.
  6857 | D:9      | Noticed a brown ugly thing
  6878 | D:8      | Killed a brown ugly thing
  6878 | D:8      | Reached **** piety under Okawaru
  6972 | D:9      | Noticed a two-headed ogre
  6981 | D:8      | HP: 3/91 [poisoned by an orc warrior]
  6981 | D:8      | Slain by an iguana

Vault maps used:
D:1:      eino_arrival_tree_alley
D:3:      minmay_recursive_quarters, first_ration
D:4:      nicolae_overflow_crystal_walls, kennysheep_mini_moat, tgw_trog
D:5:      makhleb_grotto_becter, kiku_gazebo_pond_becter
D:6:      fedhas_altar_decomposition, minmay_temple_entry_trees, minmay_circle_x
D:7:      overflow_temple_1_default
D:8:      grunt_qazlal_sundering, kennysheep_mini,
          nicolae_ru_great_annihilating_truth, grunt_livestock, uniq_maurice
D:9:      nicolae_overflow_hidden_temple, xom_teletrap_fun, old_standard_altar,
          serial_shops, nicolae_shop_window_shopping, basic_altar
Temple:   nicolae_temple_figure_zero

Skill      XL: |  1  2  3  4  5  6  7  8  9 10 |
---------------+-------------------------------+-----
Axes           | 3 4 5 6 7 9 11 | 11.7
Fighting       | 4 5 6 7 8 9 |  9.1
Armour         | 4 5 6 7 8 9 |  9.0
Shields        | 4 5 6 7 8 9 |  9.0

Action                   |  1- 3 |  4- 6 |  7- 9 | 10-12 || total
-------------------------+-------+-------+-------+-------++-------
Melee: War axe           |    11 |       |       |       ||    11
       Hand axe          |    34 |   109 |   364 |    63 ||   570
       Headbutt          |     8 |    17 |    61 |    15 ||   101
Invok: Heroism           |       |       |     1 |     1 ||     2
  Use: Scroll            |       |       |     3 |       ||     3
 Stab: Invisible         |       |       |       |     1 ||     1
       Paralysed         |       |       |       |     1 ||     1
  Eat: Chunk             |       |     6 |    12 |     2 ||    20
Armor: Scale mail        |    13 |    24 |       |       ||    37
       Chain mail        |       |       |    51 |       ||    51
       Plate armour      |       |       |    54 |    37 ||    91
Dodge: Dodged            |    12 |    27 |    46 |    12 ||    97
Block: Shield            |    15 |    64 |   166 |    40 ||   285
       Reflection        |       |     1 |     2 |       ||     3

Table legend:
 A = Non-vault XP
 B = Vault XP
 C = Vault XP percentage of total XP
 D = Non-vault monster count
 E = Vault monster count
 F = Vault count percentage of total count
                 A         B        C        D         E       F
            +---------+---------+-------+---------+---------+-------
      Total |    4999 |    2468 |  33.1 |     148 |      32 |  17.8
            +---------+---------+-------+---------+---------+-------
        D:1 |       1 |       0 |   0.0 |       1 |       0 |   0.0
        D:2 |      41 |       0 |   0.0 |      15 |       0 |   0.0
        D:3 |     205 |      18 |   8.1 |      22 |       5 |  18.5
        D:4 |     516 |      13 |   2.5 |      22 |       5 |  18.5
        D:5 |     342 |      50 |  12.8 |      22 |       1 |   4.3
        D:6 |     503 |     912 |  64.5 |      18 |      11 |  37.9
        D:7 |     418 |       0 |   0.0 |      18 |       0 |   0.0
        D:8 |    2921 |    1475 |  33.6 |      28 |      10 |  26.3
        D:9 |      52 |       0 |   0.0 |       2 |       0 |   0.0
            +---------+---------+-------+---------+---------+-------
